 Dungeon Crawl Stone Soup version 0.30-a0-632-g346586fe48 (webtiles) character file.

Game seed: 8959943857918590747

324 PyroL the Trooper (level 6, -1/51 HPs)
             Began as a Demonspawn Fighter on Jan 14, 2023.
             Was an Initiate of Makhleb.
             Slain by a howler monkey (5 damage)
             ... on level 4 of the Dungeon.
             The game lasted 00:06:06 (2681 turns).

PyroL the Trooper (Demonspawn Fighter)              Turns: 2681, Time: 00:06:06

Health: -1/51      AC:  6    Str: 18    XL:     6   Next: 23%
Magic:  16/16      EV:  8    Int:  9    God:    Makhleb [......]
Gold:   217        SH:  8    Dex: 13    Spells: 5/5 levels left

rFire   . . .      SeeInvis .    a - +0 war axe
rCold   + . .      Faith    .    j - +0 kite shield
rNeg    + . .      Spirit   .    v - +0 ring mail of Egalitarianism {rC+ rN+}
rPois   .          Reflect  .    (no helmet)
rElec   .          Harm     .    s - +0 cloak
rCorr   .          Rampage  .    (no gloves)
Will    .....                    (boots unavailable)
Stlth   +                        (no amulet)
HPRegen 0.28/turn                g - ring of magical power
MPRegen 0.15/turn                (no ring)

@: mighty
A: hooves 3, demonic guardian 1, weakness stinger 1
a: Renounce Religion


You were on level 4 of the Dungeon.
You worshipped Makhleb.
Makhleb was noncommittal.
You visited 1 branch of the dungeon, and saw 4 of its levels.

You collected 217 gold pieces.

Inventory:

Hand Weapons
 a - a +0 war axe (weapon)
Missiles
 c - 3 curare-tipped darts (quivered)
Armour
 j - a +0 kite shield (worn)
 s - a +0 cloak (worn)
 v - the +0 ring mail of Egalitarianism (worn) {rC+ rN+}
   (You found it on level 4 of the Dungeon)

   rC:        It protects you from cold.
   rN:        It protects you from negative energy.
Jewellery
 b - a +5 ring of evasion
 g - a ring of magical power (left hand)
 t - a ring of positive energy
Wands
 n - a wand of roots (7)
Scrolls
 e - 2 scrolls of vulnerability {unknown}
 i - 2 scrolls of blinking {unknown}
 l - 2 scrolls of noise {unknown}
 o - 2 scrolls of identify {unknown}
 p - 2 scrolls of teleportation
 q - 4 scrolls of immolation {unknown}
 u - a scroll of enchant weapon {unknown}
Potions
 d - a potion of might
 f - a potion of flight {unknown}
 h - a potion of resistance {unknown}
 k - a potion of heal wounds {unknown}
 m - a potion of magic {unknown}
 r - a potion of cancellation {unknown}


   Skills:
 + Level 5.2 Fighting
 + Level 4.2 Axes
 - Level 2.6 Armour
 - Level 2.6 Shields
 + Level 2.1 Invocations


You had 5 spell levels left.
You didn't know any spells.
Your spell library was empty.

Dungeon Overview and Level Annotations

Branches:
Dungeon (4/15)
 Temple: D:4-7

Altars:
Gozag
Makhleb
Yredelemnul

Shops:
D:2 *

Annotations:
D:4 1 runed translucent door


Innate Abilities, Weirdness & Mutations

You have hooves in place of feet.
A weak demonic guardian rushes to your aid.
You have a small tail.


Message History

A quokka comes into view.
The scorpion stings you.
* * * LOW HITPOINT WARNING * * *
You are poisoned.
The scorpion poisons you! The goblin hits you but does no damage.
You block the scorpion's attack. The goblin hits you but does no damage.
You feel very mighty all of a sudden.
You feel sick. The scorpion stings you.
* * * LOW HITPOINT WARNING * * *
The goblin barely misses you. You block the goblin's attack.
You slash the scorpion!
You kill the scorpion!
Makhleb accepts your kill.
You slash the goblin!
You kill the goblin!
Makhleb accepts your kill.
You slash the goblin!
You kill the goblin!
Makhleb accepts your kill.
You feel sick. The howler monkey hits you.
* * * LOW HITPOINT WARNING * * *
Your Invocations skill increases to level 2!
You have reached level 6!
Your demonic ancestry asserts itself...
You feel the presence of a demonic guardian.
You barely miss the iguana. You hit the howler monkey.
You feel sick. You block the iguana's attack.
The howler monkey closely misses you.
The iguana bites you but does no damage.
The howler monkey closely misses you.
You slash the iguana! Your kick misses the iguana.
The iguana is heavily wounded.
You barely miss the howler monkey.
You feel sick. You block the howler monkey's attack.
You block the iguana's attack.
You closely miss the iguana.
The iguana is heavily wounded.
You barely miss the howler monkey.
You feel sick.
You are no longer poisoned.
You block the howler monkey's attack. The iguana closely misses you.
The howler monkey hits you.
You die...

.. ....# ... ...##
...##...# .......# .
......## #.. #....#
.....#....##
.......rhl)#######
........#@#.....8#
.......##.)......#
........#.......####
..........#.###.#...
##g#.>....#.#p+.#._.
....##.<....###.#...
...##...##......###
...............####
#.#...........8#..#


You could see a howler monkey, an iguana, a quokka and a neutral human
(wandering).

Vanquished Creatures
  A scorpion (D:4)
  A hound (D:4)
  A human skeleton (D:4)
  Terence (D:3)
  Robin (D:2)
  4 gnolls (D:2)
  3 adders
  A worm (D:3)
  3 dart slugs
  5 ball pythons
  6 endoplasms
  2 giant cockroaches
  18 goblins
  9 hobgoblins
  14 jackals
  3 quokkas
  4 bats
  6 frilled lizards
  2 jackal skeletons (D:4)
  8 kobolds
  4 rats
97 creatures vanquished.

Notes
Turn   | Place    | Note
-------+----------+-------------------------------------------
     0 | D:1      | PyroL the Demonspawn Fighter began the quest for the Orb.
     0 | D:1      | Reached XP level 1. HP: 18/18 MP: 1/1
   142 | D:1      | Discovered your monstrous ancestry.
   142 | D:1      | Gained mutation: You have a small tail. [demonic ancestry]
   142 | D:1      | Reached XP level 2. HP: 18/24 MP: 2/2
   173 | D:1      | Found a faded altar of an unknown god.
   971 | D:2      | Noticed Robin
   978 | D:2      | Gained mutation: You have large cloven feet. [demonic
                  | ancestry]
   978 | D:2      | Reached XP level 3. HP: 17/29 MP: 3/3
   982 | D:2      | Killed Robin
  1150 | D:2      | Reached skill level 4 in Fighting
  1175 | D:2      | Found Dumnil's Assorted Antiques.
  1220 | D:2      | Gained mutation: You have hoof-like feet. [demonic
                  | ancestry]
  1220 | D:2      | Reached XP level 4. HP: 27/37 MP: 4/4
  1853 | D:3      | Found an opulent altar of Gozag.
  1876 | D:3      | Gained mutation: You have hooves in place of feet. [demonic
                  | ancestry]
  1876 | D:3      | Reached XP level 5. HP: 41/43 MP: 5/5
  1922 | D:3      | Noticed Terence
  2051 | D:3      | Killed Terence
  2558 | D:4      | Identified the +0 ring mail of Egalitarianism {rC+ rN+}
  2575 | D:4      | Found a burning altar of Makhleb.
  2603 | D:4      | Became a worshipper of Makhleb the Destroyer
  2638 | D:4      | Reached skill level 5 in Fighting
  2638 | D:4      | Reached skill level 1 in Invocations
  2644 | D:4      | Found a runed translucent door.
  2644 | D:4      | Noticed a human
  2648 | D:4      | Found a basalt altar of Yredelemnul.
  2679 | D:4      | Gained mutation: A weak demonic guardian rushes to your
                  | aid. [demonic ancestry]
  2679 | D:4      | Reached XP level 6. HP: 7/51 MP: 7/7
  2681 | D:4      | Slain by a howler monkey

Illustrated notes

Levels and vault maps discovered:
D:1:      heliophobic_arrival_ceremonial_halls, layout_rooms,
          shapermc_ecumenical_altar_acropolis, serial_forest,
          infiniplex_forest_lined_ring, infiniplex_forest_end_2,
          infiniplex_forest_end_2, infiniplex_forest_straight_2,
          infiniplex_forest_clump_small, infiniplex_forest_join,
          infiniplex_forest_clump_medium, chequers_serial_rivers_room_b,
          minmay_hedge_maze
D:2:      layout_basic, serial_shops, nicolae_shop_statue_plus, uniq_robin
D:3:      layout_rooms, mainiacjoe_overflow_small_starburst,
          nrook_loot_triangle, chequers_avenue, uniq_terence
D:4:      nicolae_cairo_tiling_large_dashed, layout_cave_pools,
          dk_yredelemnul_ordeal, bloody_makhleb, guppyfry_early_orc_mine

Skill      XL: |  1  2  3  4  5 |
---------------+----------------+-----
Axes           | 2 3 4 |  4.2
Fighting       | 4 5 |  5.2
Invocations    | 2 |  2.1
Armour         | |  2.6
Shields        | |  2.6

Action                   |  1- 3 |  4- 6 || total
-------------------------+-------+-------++-------
Melee: War axe           |    88 |   114 ||   202
       Tailslap          |     6 |    22 ||    28
       Kick              |     3 |    17 ||    20
       Unarmed           |       |    11 ||    11
  Use: Scroll            |     1 |       ||     1
       Potion            |       |     1 ||     1
Armor: Scale mail        |    50 |    27 ||    77
       Ring mail         |       |    14 ||    14
Dodge: Dodged            |    42 |    51 ||    93
Block: Kite shield       |    40 |    63 ||   103
       Buckler           |     2 |       ||     2

Table legend: (Time is in decaauts)
 A = Elapsed time spent in this place.
 B = Non-inter-level travel time spent in this place.
 C = Inter-level travel time spent in this place.
 D = Time resting spent in this place.
 E = Time spent auto-exploring this place.
 F = Levels seen in this place.
 G = Mean time per level.
                   A        B        C        D        E       F      G
               +--------+--------+--------+--------+--------+-----+--------+
         Total |   2781 |   2641 |    140 |    257 |   1712 |   4 |  695.2 |
       Dungeon |   2781 |   2641 |    140 |    257 |   1712 |   4 |  695.2 |
               +--------+--------+--------+--------+--------+-----+--------+

Top non-repeatable levels by time:
     D:2: 1240 daAuts
     D:1: 759 daAuts
     D:3: 544 daAuts
     D:4: 236 daAuts
